 Dungeon Crawl Stone Soup version 0.30-a0-414-gcb316572d5 (webtiles) character file.

Game seed: 12334731436187237942

292 NinjaNoafa the Magician (level 6, -4/47 HPs)
             Began as a Djinni Necromancer on Dec 7, 2022.
             Slain by a black bear (5 damage)
             ... on level 4 of the Dungeon.
             The game lasted 00:09:50 (3065 turns).

NinjaNoafa the Magician (Djinni Necromancer)        Turns: 3065, Time: 00:09:51

Health: -4/47      AC:  3    Str:  7    XL:     6   Next: 59%
Gold:   122        EV: 12    Int: 19    God:
                   SH:  0    Dex: 13

rFire   + + .      SeeInvis +    z - +4 dagger (pain)
rCold   x . .      Faith    .    (no shield)
rNeg    . . .      Spirit   .    a - +0 robe
rPois   ∞          Reflect  .    s - +0 helmet
rElec   .          Harm     .    (no cloak)
rCorr   .          Rampage  .    (no gloves)
Will    .....                    (boots unavailable)
Stlth   ++........               (no amulet)
HPRegen 0.27/turn                q - ring of wizardry
MPRegen 0.00/turn                m - ring of see invisible

@: mighty, flying
A: sickness immunity, fire resistance 2, cold vulnerability 1, float, innate
caster, HP casting, extra vitality 1
a: no special abilities


You were on level 4 of the Dungeon.
You visited 1 branch of the dungeon, and saw 4 of its levels.

You collected 122 gold pieces.

Inventory:

Hand Weapons
 z - a +4 dagger of pain (weapon)
Missiles
 j - 12 stones
 o - 4 poisoned darts
Armour
 a - a +0 robe (worn)
 s - a +0 helmet (worn)
Jewellery
 d - a ring of ice
 m - a ring of see invisible (right hand)
 q - a ring of wizardry (left hand)
Wands
 e - a wand of quicksilver (7)
 v - a wand of flame (9)
 A - a wand of digging (7)
Scrolls
 b - a scroll of poison {unknown}
 g - a scroll of magic mapping {unknown}
 h - 2 scrolls of identify {unknown}
 i - a scroll of brand weapon {unknown}
 k - a scroll of amnesia {unknown}
 p - a scroll of teleportation {unknown}
 r - 2 scrolls of vulnerability {unknown}
 t - a scroll of fog {unknown}
 w - a scroll of enchant armour {unknown}
 y - a scroll of noise {unknown}
Potions
 c - a potion of mutation {unknown}
 f - 2 potions of flight
 l - a potion of might
 n - 2 potions of attraction {unknown}
 u - a potion of invisibility {unknown}
 x - a potion of berserk rage {unknown}


   Skills:
 + Level 4.1 Fighting
 - Level 2.1 Dodging
 - Level 1.5 Stealth
 + Level 4.7 Spellcasting


You couldn't memorise any spells.
You knew the following spells:

 Your Spells              Type           Power      Damage    Failure   Level
a - Necrotise             Necr           88%        1d8       1%          1
b - Vampiric Draining     Necr           22%        2d7       2%          3
c - Animate Dead          Necr           22%        N/A       8%          4
d - Agony                 Necr           22%        N/A       21%         5
e - Shock                 Conj/Air       88%        1d8       1%          1
f - Wereblood             Tmut           22%        N/A       1%          2
Your spell library was empty.

Dungeon Overview and Level Annotations

Branches:
Dungeon (4/15)
 Temple: D:4-7

Altars:
Qazlal
Zin


Innate Abilities, Weirdness & Mutations

You are immune to sickness and miasma.
You are immune to poison.
Your flesh is very heat resistant. (rF++)
You are vulnerable to cold. (rC-)
You float through the air rather than walking.
You learn spells naturally, not from books.
Your magical power is your life essence.
You have superior vitality. (+4 MHP)


Message History

The black bear claws your gnoll zombie. x2
The black bear bites your gnoll zombie!
Your gnoll zombie is destroyed!
Casting: Shock (safe; 1% risk of failure)
Confirm with . or Enter, or press ? or * to list all spells.
Aiming: Shock (safe; 1% risk of failure)
Press: ? - help, Shift-Dir - straight line, f/p - black bear
Aim: a black bear (almost dead, berserk, unaware, hasn't noticed you, 81% to hit)
The zap hits the black bear.
The black bear is almost dead.
The black bear growls angrily.
* * * LOW HITPOINT WARNING * * *
Casting: Shock (safe; 1% risk of failure)
Confirm with . or Enter, or press ? or * to list all spells.
Aiming: Necrotise (safe; 1% risk of failure)
Press: ? - help, Shift-Dir - straight line, f/p - black bear
Aim: a black bear (almost dead, berserk, chance to affect: 81%)
Okay, then.
Okay, then.
The black bear barely misses you.
The black bear claws you but does no damage.
The black bear claws you.
* * * LOW HITPOINT WARNING * * *
Casting: Necrotise (safe; 1% risk of failure)
Confirm with . or Enter, or press ? or * to list all spells.
Aiming: Necrotise (safe; 1% risk of failure)
Press: ? - help, Shift-Dir - straight line, f/p - black bear
Aim: a black bear (almost dead, berserk, chance to affect: 81%)
Okay, then.
It was a potion of flight.
You feel more buoyant.
The black bear bites you but does no damage.
The black bear closely misses you. The black bear claws you.
* * * LOW HITPOINT WARNING * * *
It was a potion of might.
You feel very mighty all of a sudden.
The black bear bites you but does no damage.
The black bear closely misses you. The black bear barely misses you.
The black bear misses you. The black bear claws you.
You die...

#......#####..#######..###..#.
#......#............#...#...#.
#......#............#...'...#.
#......##+##..##...##...#...#.
#..........#..##...##...#...#.
####...)......#...#...##..####'#.
..............#...#..†##..#......
..............#.h.#...'...+......
..............#.@.#...#...#......
..............#...#...#...#......
..............#######+###+#......
###......###### ...#####
..#......# .... ..'......# ...
###......# .........# .........#


You could see a black bear (berserk).

Vanquished Creatures
  2 hounds (D:4)
  Terence (D:2)
  An iguana (D:4)
  6 gnolls
  3 adders
  2 worms
  A dart slug (D:2)
  An orc (D:3)
  10 ball pythons
  2 bats
  4 endoplasms
  3 giant cockroaches
  3 goblins
  9 hobgoblins
  6 jackals (D:1)
  2 frilled lizards (D:2)
  2 kobolds
  5 rats
63 creatures vanquished.

Vanquished Creatures (collateral kills)
  2 gnolls (D:4)
  2 goblins
  A hobgoblin (D:2)
  5 jackals
  2 ball pythons
  A frilled lizard (D:3)
13 creatures vanquished.

Vanquished Creatures (others)
  A hound zombie (D:4)
  A giant cockroach zombie (D:3)
  4 gnoll zombies (D:4)
6 creatures vanquished.

Grand Total: 82 creatures vanquished

Notes
Turn   | Place    | Note
-------+----------+-------------------------------------------
     0 | D:1      | NinjaNoafa the Djinni Necromancer began the quest for the
                  | Orb.
     0 | D:1      | NinjaNoafa set off with the following spells memorised:
                  | Necrotise, Vampiric Draining, Animate Dead, Agony.
     0 | D:1      | Reached XP level 1. HP: 15/15 MP: 0/0
   148 | D:1      | Found a faded altar of an unknown god.
   227 | D:1      | Reached skill level 1 in Fighting
   227 | D:1      | Reached XP level 2. HP: 18/22 MP: 0/0
   637 | D:1      | Reached XP level 3. HP: 24/27 MP: 0/0
   637 | D:1      | Learned a level 1 spell: Shock
   753 | D:2      | Reached XP level 4. HP: 10/33 MP: 0/0
  1028 | D:2      | Noticed Terence
  1040 | D:2      | Killed Terence
  1041 | D:2      | Reached XP level 5. HP: 33/40 MP: 0/0
  1041 | D:2      | Learned a level 2 spell: Wereblood
  1627 | D:3      | Found a glowing silver altar of Zin.
  2051 | D:3      | Found a stormy altar of Qazlal.
  2570 | D:4      | Reached XP level 6. HP: 33/46 MP: 0/0
  3045 | D:4      | Noticed a black bear
  3064 | D:4      | HP: 1/47 [black bear (5)]
  3065 | D:4      | Slain by a black bear

Illustrated notes

Levels and vault maps discovered:
D:1:      onia_arrival_pentagram, layout_basic,
          hellmonk_ecumenical_altar_slurped_away
D:2:      layout_loops_cross, minivault_23, uniq_terence
D:3:      layout_basic, mainiacjoe_overflow_six_doors_small,
          nicolae_qazlal_scattered_showers, nicolae_overflow_hidden_temple
D:4:      layout_gridville, jmf_multi_god_temple, minmay_unequal

Skill      XL: |  1  2  3  4  5  6 |
---------------+-------------------+-----
Fighting       | 1 2 3 4 |  4.1
Spellcasting   | 4 |  4.7
Dodging        | |  2.1
Stealth        | |  1.5

Action                   |  1- 3 |  4- 6 || total
-------------------------+-------+-------++-------
Melee: Falchion          |     2 |    16 ||    18
       Dagger            |       |     4 ||     4
 Cast: Necrotise         |    34 |    52 ||    86
       Shock             |    10 |    28 ||    38
       Vampiric Draining |       |    14 ||    14
       Animate Dead      |       |     4 ||     4
       Wereblood         |       |     4 ||     4
  Use: Potion            |       |     2 ||     2
 Stab: Sleeping          |       |     1 ||     1
Armor: Robe              |    10 |    17 ||    27
Dodge: Dodged            |    30 |    74 ||   104

Table legend: (Time is in decaauts)
 A = Elapsed time spent in this place.
 B = Non-inter-level travel time spent in this place.
 C = Inter-level travel time spent in this place.
 D = Time resting spent in this place.
 E = Time spent auto-exploring this place.
 F = Levels seen in this place.
 G = Mean time per level.
                   A        B        C        D        E       F      G
               +--------+--------+--------+--------+--------+-----+--------+
         Total |   3083 |   2992 |     91 |      0 |   2415 |   4 |  770.8 |
       Dungeon |   3083 |   2992 |     91 |      0 |   2415 |   4 |  770.8 |
               +--------+--------+--------+--------+--------+-----+--------+

Top non-repeatable levels by time:
     D:3: 1077 daAuts
     D:2: 812 daAuts
     D:1: 670 daAuts
     D:4: 522 daAuts
